 Dungeon Crawl Stone Soup version 0.18-a0-1225-g5d63bca (webtiles) character file.

37 namelastname112 the Vexing (level 3, -2/27 HPs)
             Began as a Draconian Enchanter on Feb 3, 2016.
             Was an Initiate of Ashenzari.
             Slain by Grinder (5 damage)
             ... on level 3 of the Dungeon.
             The game lasted 00:05:21 (2451 turns).

namelastname112 the Vexing (Draconian Enchanter)    Turns: 2451, Time: 00:05:21

Health: -2/27      AC:  6    Str: 10    XL:     3   Next: 23%
Magic:  1/6        EV: 12    Int: 15    God:    Ashenzari [......]
Gold:   112        SH:  0    Dex: 12    Spells: 3 memorised, 0 levels left

rFire  . . .     SeeInvis .     a - +1 dagger
rCold  . . .     Gourm    .     (armour unavailable)
rNeg   . . .     Faith    .     (no shield)
rPois  .         Spirit   .     (helmet restricted)
rElec  .         Dismiss  .     k - +0 cloak {+Inv}
rCorr  .         Reflect  .     (no gloves)
SustAt .         Harm     .     (no boots)
MR     .....                    (no amulet)
Stlth  ++........               (no ring)
                                (no ring)

@: very slightly contaminated, not resistant to hostile enchantments, unstealthy
A: unfitting armour, cold-blooded, AC +5
a: Renounce Religion, Evoke Invisibility


You were on level 3 of the Dungeon.
You worshipped Ashenzari.
Ashenzari was noncommittal.
You were not hungry.

You visited 1 branch of the dungeon, and saw 3 of its levels.

You collected 112 gold pieces.

Inventory:

Hand Weapons
 a - a +1 dagger (weapon)
Armour
 k - a +0 cloak of invisibility (worn)
Scrolls
 g - a scroll of remove curse
 h - 2 scrolls of recharging {unknown}
 i - 2 scrolls of identify {unknown}
 n - a scroll of fog {unknown}
 o - a scroll of magic mapping {unknown}
Potions
 e - a potion of curing
 f - a potion of cancellation {unknown}
 j - a potion of mutation {unknown}
 m - a potion of haste {unknown}
 p - a potion of ambrosia {unknown}
Books
 b - a book of Maledictions

   Spells                             Type                      Level
   a - Corona                         Hexes                        1
   b - Ensorcelled Hibernation        Hexes/Ice                    2
   c - Confuse                        Hexes                        3
   d - Tukima's Dance                 Hexes                        3
   e - Dazzling Spray                 Conjuration/Hexes            3
Comestibles
 c - 3 bread rations
 d - a slice of pizza


   Skills:
 + Level 0.7 Fighting
 + Level 1.1 Short Blades
 + Level 2.1 Dodging
 + Level 2.7 Stealth
 + Level 2.4 Spellcasting
 + Level 2.9 Hexes
 * Level 1.1 Evocations


You couldn't memorise any spells.
You knew the following spells:

 Your Spells              Type           Power        Failure   Level  Hunger
a - Corona                Hex            ##.....      8%          1    #......
x - Confuse               Hex            ##......     21%         3    ###....
z - Ensorcelled Hibernat  Hex/Ice        #.....       17%         2    ###....


Dungeon Overview and Level Annotations

Branches:
Dungeon (3/15)

Altars:
Ashenzari

Annotations:
D:3 Grinder; abixa's ghost, amateur HuGl


Innate Abilities, Weirdness & Mutations

Your plain brown scales are hard (AC +5).
Your body does not fit into most forms of armour.
You are cold-blooded and may be slowed by cold attacks.


Message History

Grinder hits you!
You writhe in agony.
Drink which item? (? for menu, Esc to quit)
It was a potion of curing.
You feel better.
Grinder drinks a potion.
Grinder seems to grow stronger.
You open the door. Grinder gestures at you.
You suddenly lose the ability to move!
Grinder hits you!
You writhe in agony.
You can move again.
There is an open door, spattered with blood here.
Unknown command.
Unknown command.
There is a stone staircase leading up here.
Read which item? (? for menu, Esc to quit)
Okay, then.
There is an open door, spattered with blood here.
Grinder hits you!
* * * LOW HITPOINT WARNING * * *
You writhe in agony.
You die...

#. #. #. .##
.$# ####.###
#..@...#
###+###'##5#.#
.........<.#
......?....#
.%...........#
.............#
.........##..#
.........+
..?.
.........#
#.###


You could see Grinder.

Vanquished Creatures
  An adder (D:2)
  A giant cockroach (D:2)
  A quokka (D:2)
  A ball python (D:2)
  5 bats
  A giant newt (D:2)
  7 goblins
  4 kobolds
  8 rats
29 creatures vanquished.

Notes
Turn   | Place    | Note
--------------------------------------------------------------
     0 | D:1      | namelastname112 the Draconian Enchanter began the quest for the Orb.
     0 | D:1      | Reached XP level 1. HP: 14/14 MP: 3/3
   565 | D:1      | Reached XP level 2. HP: 17/22 MP: 5/5
   569 | D:1      | Learned a level 2 spell: Ensorcelled Hibernation
  1107 | D:1      | HP: 1/22 [gnoll/whip (5)]
  1563 | D:2      | Reached skill level 1 in Evocations
  1637 | D:2      | Reached XP level 3. HP: 24/27 MP: 3/6
  1642 | D:2      | Learned a level 3 spell: Confuse
  1746 | D:2      | Found a shattered altar of Ashenzari.
  1752 | D:2      | Became a worshipper of Ashenzari the Shackled
  1939 | D:3      | Noticed abixa's ghost (amateur HuGl)
  2246 | D:3      | Noticed Grinder
  2441 | D:3      | Paralysed by Grinder for 3 turns
  2451 | D:3      | Slain by Grinder

Vault maps used:
D:1:      minmay_arrival_four_circles
D:2:      evilmike_ruin_ashenzari
D:3:      uniq_terence, uniq_robin, uniq_grinder

Action                   || total
-------------------------++-------
Melee: Dagger            ||    91
 Cast: Ensorcelled Hiber ||    11
       Confuse           ||     6
 Abil: Evoke Invisibilit ||     1
  Use: Potion            ||     1
 Stab: Sleeping          ||    10
       Invisible         ||     1
  Eat: Chunk             ||     3
       Meat ration       ||     1
